 Dungeon Crawl Stone Soup version 0.27.0-1-g7a089689b8 (webtiles) character file.

Game seed: 14184143067176745704

80 Sin92 the Skirmisher (level 4, 0/35 HPs)
             Began as a Demonspawn Fighter on Aug 5, 2021.
             Slain by a wyvern zombie (6 damage)
             ... on level 3 of the Dungeon.
             The game lasted 00:02:11 (1800 turns).

Sin92 the Skirmisher (Demonspawn Fighter)           Turns: 1800, Time: 00:02:12

Health: 0/35       AC: 10    Str: 17    XL:     4   Next: 18%
Magic:  4/4        EV:  5    Int:  9    God:
Gold:   43         SH: 10    Dex: 13    Spells: 3/3 levels left

rFire    . . .     SeeInvis .   a - +0 war axe (freeze)
rCold    . . .     Faith    .   c - +1 kite shield
rNeg     . . .     Spirit   .   j - +0 chain mail
rPois    .         Reflect  .   (no helmet)
rElec    .         Harm     .   i - +0 cloak
rCorr    .         Rampage  .   (no gloves)
Will     .....                  (no boots)
Stlth    ..........             (no amulet)
HPRegen  0.11/turn              (no ring)
MPRegen  0.09/turn              (no ring)

@: no status effects
A: hooves 1, powered by pain 1, spiny 1
a: no special abilities


You were on level 3 of the Dungeon.
You visited 1 branch of the dungeon, and saw 3 of its levels.

You collected 43 gold pieces.

Inventory:

Hand Weapons
 a - a +0 war axe of freezing (weapon)
Armour
 b - a +0 scale mail
 c - a +1 kite shield (worn)
 i - a +0 cloak (worn)
 j - a +0 chain mail (worn)
Scrolls
 e - 2 scrolls of enchant armour
 f - a scroll of blinking
 h - 3 scrolls of identify
 k - a scroll of amnesia
Potions
 d - a potion of might
 g - a potion of ambrosia


   Skills:
 + Level 3.4 Fighting
 * Level 2.8 Axes
 + Level 3.0 Armour
 + Level 1.1 Dodging
 + Level 3.1 Shields


You had 3 spell levels left.
You didn't know any spells.
Your spell library contained the following spells:

 Spells                   Type           Power      Damage    Failure   Level
 Sticky Flame             Conj/Fire      0%         2d3       100%        4
 Alistair's Intoxication  Tmut/Pois      0%         N/A       100%        5
 Starburst                Conj/Fire      0%         8x6d3     100%        6


Dungeon Overview and Level Annotations

Branches:
Dungeon (3/15)

Altars:

Shops:
D:2 (


Innate Abilities, Weirdness & Mutations

You have large cloven feet.
You sometimes gain a little power by taking damage.
You are partially covered in sharp spines.


Message History

There are monsters nearby!
Unknown command.
There are monsters nearby!
You slash the kobold! You freeze the kobold.
You kill the kobold!
Unknown command.
Unknown command.
There are monsters nearby!
You hit the wyvern zombie.
The wyvern zombie is lightly damaged.
Your shield and chain mail prevent you from hitting the rat.
The rat is struck by your spines.
You kill the rat!
The wyvern zombie bites you. The wyvern zombie bites you!
A wyvern zombie is nearby!
Unknown command.
Your shield and chain mail prevent you from hitting the wyvern zombie.
You kick the wyvern zombie.
The wyvern zombie is lightly damaged.
The wyvern zombie bites you.
The wyvern zombie is struck by your spines.
The wyvern zombie bites you.
Unknown command.
A wyvern zombie is nearby!
You are too injured to fight recklessly!
Unknown command.
A wyvern zombie is nearby!
You are too injured to fight recklessly!
Unknown command.
A wyvern zombie is nearby!
You are too injured to fight recklessly!
Unknown command.
A wyvern zombie is nearby!
You are too injured to fight recklessly!
You hit the wyvern zombie.
The wyvern zombie is moderately damaged.
The wyvern zombie bites you.
* * * LOW HITPOINT WARNING * * *
The wyvern zombie bites you.
You die...

.# #
###########
.#
#.#.........#
.#
#.#.#######.#
.## #...# #.#
...##. ##Z@#
##.###..##.
#.....)#
#.....>..#.
#......##
#..##.#....
##.##..
#..#.†..... #
#..
##.##......
#..
8.8#.#..#.
#..
#.##.#....
##.
#.##.#..##
8.8#....##


You could see a wyvern zombie.

Vanquished Creatures
  An adder (D:3)
  A worm (D:3)
  3 dart slugs
  An orc (D:3)
  7 bats
  7 endoplasms
  5 giant cockroaches
  4 goblins
  7 hobgoblins
  3 kobolds
  4 quokkas
  A ball python (D:3)
  2 frilled lizards (D:3)
  7 rats
53 creatures vanquished.

Notes
Turn   | Place    | Note
-------+----------+-------------------------------------------
     0 | D:1      | Sin92 the Demonspawn Fighter began the quest for the Orb.
     0 | D:1      | Reached XP level 1. HP: 18/18 MP: 1/1
   250 | D:1      | Gained mutation: You are partially covered in sharp spines.
                  | [demonic ancestry]
   250 | D:1      | Reached XP level 2. HP: 24/24 MP: 2/2
   583 | D:1      | Gained mutation: You sometimes gain a little power by
                  | taking damage. [demonic ancestry]
   583 | D:1      | Reached XP level 3. HP: 29/29 MP: 3/3
   611 | D:1      | Found a faded altar of an unknown god.
  1309 | D:2      | Found Wapliuph's Antique Weapon Emporium.
  1313 | D:2      | Reached skill level 1 in Dodging
  1341 | D:2      | Got Idoptyuw's Collected Works on Cankerous Heat
  1763 | D:3      | Gained mutation: You have large cloven feet. [demonic
                  | ancestry]
  1763 | D:3      | Reached XP level 4. HP: 35/35 MP: 4/4
  1800 | D:3      | Slain by a wyvern zombie

Illustrated notes

Levels and vault maps discovered:
D:1:      amcnicky_arrival_wind_blow, layout_basic,
          shapermc_ecumenical_altar_mp_highgroup, minmay_pentomino_t4
D:2:      layout_basic, serial_shops, nicolae_shop_crystal, chequers_garden,
          kennysheep_generic_room_10
D:3:      layout_loops_ring, amcnicky_mini_corridor_feature

Skill      XL: |  1  2  3 |
---------------+----------+-----
Axes           | 2 |  2.8
Shields        | 3 |  3.1
Armour         | 3 |  3.0
Dodging        | 1 |  1.1
Fighting       | |  3.4

Action                   |  1- 3 |  4- 6 || total
-------------------------+-------+-------++-------
Melee: War axe           |    95 |     6 ||   101
       Kick              |       |     2 ||     2
  Use: Scroll            |     6 |       ||     6
Armor: Scale mail        |    22 |       ||    22
       Chain mail        |    17 |     1 ||    18
Dodge: Dodged            |    26 |       ||    26
Block: Kite shield       |    58 |     2 ||    60
